Map: Lightshade LE

Players

Serral - Winner!

  • Race: Zerg Zerg

PartinG

  • Race: Protoss Protoss
  • League: Master

Event: ASUS ROG Fall 2021

VOD

Have the link to the VOD?

Description

Time

  • Played on: Sept. 18, 2021, 2:18 p.m.
  • Length: 15:23

All games in this series

Show
View Real Time Build Order
Export as new Build Order

Serral Zerg - Winner!

Build Orders: Hatch First, Ravager All-In 

Get SALT Encoding   

  12  0:00  Drone  
  13  0:12  Overlord  
  13  0:16  Drone  
  14  0:30  Drone x2  
  16  0:42  Drone  
  17  0:51  Hatchery  
  17  0:54  Drone  
  17  0:58  Drone  
  18  1:08  Extractor  
  17  1:13  Spawning Pool  
  17  1:16  Drone  
  17  1:20  Drone  
  18  1:28  Drone  
  19  1:38  Drone  
  20  1:48  Overlord  
  20  2:00  Queen  
  22  2:01  Roach Warren  
  22  2:05  Zergling x2  
  24  2:10  Drone  
  24  2:14  Drone  
  26  2:19  Extractor  
  25  2:24  Drone  
  24  2:30  Overlord  
  24  2:36  Queen  
  26  2:41  Roach x2  
  26  2:43  Roach  
  32  2:53  Roach  
  34  3:01  Ravager x2  
  36  3:07  Drone  
  36  3:08  Zergling x2  
  36  3:09  Zergling x2  
  36  3:10  Ravager  
  40  3:13  Queen  
  42  3:21  Overlord  
  42  3:26  Spore Crawler  
  41  3:28  Ravager  
  41  3:33  Roach  
  44  3:44  Zergling x2  
  44  3:45  Zergling x2  
  46  3:55  Queen  
  46  3:57  Ravager  
  46  4:00  Roach  
  46  4:02  Overlord  
  49  4:21  Ravager  
  49  4:23  Spore Crawler, Zergling x2  
  50  4:31  Queen, Roach  
  51  4:51  Zergling x6  
  51  5:01  Overlord  
  51  5:19  Queen  
  45  5:43  Drone  
  45  5:44  Drone x3  
  45  5:48  Drone  
  50  5:55  Queen  
  50  6:09  Hatchery  
  50  6:10  Drone x2  
  51  6:22  Overlord  
  51  6:34  Lair  
  51  6:39  Metabolic Boost  
  51  6:44  Drone  
  51  6:46  Drone x2  
  54  6:55  Overlord  
  54  6:57  Overlord  
  51  7:05  Drone x2  
  52  7:14  Drone  
  53  7:17  Drone x2  
  55  7:23  Queen  
  55  7:27  Drone  
  52  7:30  Drone  
  52  7:31  Drone  
  52  7:32  Drone x2  
  52  7:37  Hydralisk Den  
  51  7:40  Evolution Chamber  
  51  7:43  Queen  
  52  7:45  Drone  
  52  7:47  Drone  
  54  7:52  Drone x3  
  54  7:55  Drone  
  58  8:03  Drone  
  59  8:06  Zerg Missile Weapons Level 1  
  59  8:07  Muscular Augments  
  59  8:09  Extractor  
  58  8:16  Drone x2  
  58  8:18  Overseer  
  60  8:31  Hatchery, Hydralisk x3  
  64  8:35  Hydralisk  
  66  8:44  Overlord x2  
  66  8:45  Overlord  
  65  8:54  Baneling Nest  
  64  9:01  Drone x3  
  67  9:08  Hydralisk x2  
  67  9:09  Hydralisk  
  73  9:15  Hydralisk  
  75  9:18  Grooved Spines  
  75  9:22  Overlord  
  75  9:25  Hydralisk x2  
  79  9:32  Hydralisk x2  
  83  9:40  Hydralisk x2  
  83  9:44  Hydralisk  
  89  9:48  Zergling x6  
  91  10:01  Hydralisk x3  
  97  10:10  Overlord  
  97  10:11  Overlord  
  97  10:12  Overlord  
  95  10:16  Hydralisk  
  97  10:22  Overlord  
  97  10:26  Overlord x2  
  97  10:33  Overlord  
  97  10:36  Overlord  
  97  10:39  Drone  
  97  10:40  Drone x4  
  102  10:45  Drone x3  
  102  10:47  Drone  
  104  10:50  Drone x2  
  105  11:01  Extractor, Infestation Pit  
  103  11:04  Drone x3  
  104  11:13  Overlord  
  104  11:17  Centrifical Hooks  
  104  11:19  Drone x3  
  104  11:20  Extractor x2  
  104  11:22  Zerg Missile Weapons Level 2  
  104  11:23  Hydralisk x2  
  109  11:36  Hydralisk x3  
  111  11:42  Drone x2  
  113  11:47  Drone  
  113  11:50  Drone  
  113  11:53  Hive  
  113  11:59  Drone x2  
  115  12:01  Drone  
  115  12:02  Hatchery  
  115  12:06  Hydralisk x2  
  113  12:11  Hydralisk  
  115  12:17  Hydralisk  
  115  12:18  Hydralisk  
  115  12:19  Overseer  
  119  12:27  Queen x2  
  119  12:29  Zergling x6  
  126  12:35  Zergling x2  
  126  12:36  Zergling x8  
  129  12:38  Overlord  
  129  12:43  Zergling x2  
  130  12:52  Drone x2  
  130  12:54  Overlord  
  131  13:07  Viper  
  131  13:08  Viper x4  
  146  13:15  Drone x2  
  146  13:16  Drone x4  
  150  13:20  Drone x2  
  150  13:24  Zergling x2, Evolution Chamber  
  151  13:29  Overlord  
  151  13:31  Overlord  
  151  13:32  Zergling x10  
  156  13:38  Evolution Chamber  
  154  13:43  Drone x8  
  154  13:45  Extractor  
  154  13:47  Extractor  
  160  13:53  Baneling x8, Hydralisk x5  
  160  13:54  Hydralisk  
  168  13:58  Drone x3  
  171  14:10  Drone x3  
  171  14:13  Hydralisk x2  
  178  14:17  Hydralisk  
  178  14:18  Hydralisk x2  
  180  14:32  Hydralisk x7  
  194  14:45  Ultralisk Cavern  
  193  14:46  Hatchery  
  193  14:50  Zergling x14  
Show
View Real Time Build Order
Export as new Build Order

PartinG Protoss 

Build Orders: Proxy Void Ray 

Get SALT Encoding   

  12  0:00  Probe  
  13  0:12  Probe  
  14  0:20  Pylon  
  14  0:24  Probe  
  15  0:38  Probe (Chrono Boost)  
  15  0:42  Gateway  
  16  0:47  Probe (Chrono Boost)  
  17  0:50  Assimilator  
  17  0:52  Probe (Chrono Boost)  
  18  1:04  Probe  
  18  1:09  Forge  
  19  1:22  Probe  
  20  1:29  Cybernetics Core  
  20  1:39  Pylon  
  20  1:42  Probe  
  21  1:54  Pylon, Probe  
  21  1:55  Pylon  
  21  1:59  Photon Cannon  
  22  2:03  Pylon  
  22  2:08  Assimilator  
  22  2:13  Pylon  
  22  2:15  Pylon  
  22  2:16  Probe  
  22  2:21  Photon Cannon  
  23  2:27  Stargate  
  22  2:37  Photon Cannon  
  22  2:40  Shield Battery  
  22  2:48  Shield Battery  
  22  2:55  Shield Battery  
  22  3:04  Void Ray (Chrono Boost)  
  22  3:05  Pylon  
  26  3:20  Shield Battery  
  26  3:26  Shield Battery  
  26  3:32  Void Ray (Chrono Boost)  
  30  3:42  Probe  
  31  3:49  Shield Battery  
  31  3:56  Shield Battery  
  31  4:04  Void Ray (Chrono Boost)  
  35  4:20  Pylon  
  35  4:23  Shield Battery  
  35  4:29  Shield Battery  
  35  4:34  Void Ray (Chrono Boost)  
  39  4:48  Shield Battery  
  39  4:53  Shield Battery  
  39  5:00  Pylon  
  39  5:09  Shield Battery  
  43  5:41  Shield Battery  
  43  5:42  Nexus  
  39  5:43  Warp Gate  
  39  5:47  Pylon  
  39  5:57  Pylon  
  39  6:05  Pylon  
  39  6:16  Stargate  
  39  6:23  Probe  
  40  6:30  Stargate  
  40  6:35  Probe  
  41  6:44  Pylon  
  41  6:47  Probe (Chrono Boost)  
  42  6:55  Probe (Chrono Boost)  
  42  6:59  Probe (Chrono Boost)  
  44  7:04  Probe (Chrono Boost)  
  44  7:06  Probe (Chrono Boost)  
  50  7:09  Probe (Chrono Boost)  
  50  7:13  Probe  
  51  7:21  Pylon  
  49  7:28  Void Ray  
  48  7:30  Probe x2  
  48  7:32  Pylon  
  49  7:42  Probe  
  49  7:43  Probe  
  51  7:45  Void Ray  
  51  7:47  Assimilator  
  51  7:49  Assimilator  
  51  7:56  Probe (Chrono Boost)  
  51  7:57  Probe (Chrono Boost)  
  59  8:06  Probe (Chrono Boost)  
  59  8:07  Probe (Chrono Boost)  
  59  8:11  Probe x2 (Chrono Boost)  
  59  8:15  Void Ray  
  57  8:22  Probe  
  57  8:23  Probe  
  57  8:25  Protoss Air Weapons Level 1  
  63  8:30  Void Ray  
  63  8:34  Probe  
  63  8:35  Probe  
  63  8:40  Pylon  
  69  8:43  Pylon  
  70  8:48  Probe  
  70  8:58  Probe  
  70  9:00  Pylon  
  70  9:01  Probe  
  72  9:11  Nexus  
  72  9:16  Robotics Facility  
  72  9:19  Zealot  
  73  9:30  Probe x2  
  75  9:32  Shield Battery  
  75  9:33  Pylon  
  75  9:45  Fleet Beacon  
  75  9:49  Probe x2  
  77  10:01  Probe x2  
  77  10:04  Observer  
  80  10:07  Robotics Bay  
  80  10:11  Void Ray x2  
  80  10:13  Probe x2  
  82  10:20  Gateway  
  90  10:22  Forge  
  90  10:23  Probe  
  91  10:36  Shield Battery  
  91  10:37  Shield Battery  
  91  10:38  Zealot  
  89  10:47  Void Ray x2 (Chrono Boost)  
  89  10:48  Shield Battery  
  89  10:51  Disruptor (Chrono Boost)  
  100  11:04  Zealot  
  99  11:15  Pylon x2  
  98  11:19  Photon Cannon  
  98  11:30  Disruptor (Chrono Boost)  
  98  11:36  Void Ray  
  99  11:50  Pylon, Fleet Beacon  
  99  12:02  Nexus, Void Ray  
  99  12:06  Disruptor (Chrono Boost)  
  106  12:17  Pylon  
  106  12:18  Pylon  
  106  12:39  Nexus  
  106  12:40  Sentry  
  106  12:41  Sentry  
  106  12:44  Flux Vanes  
  110  12:45  Photon Cannon  
  110  12:46  Shield Battery  
  110  12:48  Pylon, Shield Battery  
  110  12:57  Probe x2  
  112  12:59  Disruptor (Chrono Boost)  
  113  13:08  Zealot x2  
  113  13:17  Probe x3  
  113  13:19  Assimilator  
  112  13:25  Assimilator  
  108  13:31  Zealot x2  
  112  13:37  Carrier x2 (Chrono Boost)  
  124  13:44  Stargate  
  116  13:58  Probe  
  116  13:59  Probe  
  116  14:01  Probe  
  119  14:04  Nexus  
  119  14:13  Probe  
  119  14:14  Probe x2  
  122  14:17  Shield Battery, Photon Cannon  
  122  14:28  Carrier (Chrono Boost)  
  128  14:42  Pylon  
  124  14:55  Pylon  
Tags
 
Add a new tag
Caveats
  • Supply blocks, unpowered buildings, or Contaminate may cause inaccurate times.
  • Supply counts are checked every 10 seconds.